[Event "GrandPrix_29.05"]
[Site "Chess.com"]
[Date "2020.05.29"]
[Round "7"]
[White "Todorovic1991"]
[Black "Mizner"]
[Result "0-1"]
[WhiteElo "1757"]
[BlackElo "2088"]
[TimeControl "600+2"]
[EndTime "12:26:32 PDT"]
[Termination "Mizner won by resignation"]

1. Nf3 d5 2. c4 e6 3. d4 Nf6 4. Nc3 c5 5. cxd5 Nxd5 6. e4 Nxc3 7. bxc3 cxd4 8. cxd4 Bb4+ 9. Bd2 Bxd2+ 10. Qxd2 O-O 11. Bc4 Nd7 12. O-O b6 13. Rad1 Bb7 14. Rfe1 Rc8 15. Bd3 h6 16. Bb1 Qc7 17. d5 exd5 18. exd5 Qd6 19. Bf5 Rc5 20. Bxd7 Rxd5 21. Qe2 Qxd7 22. Rxd5 Qxd5 23. Rd1 Qf5 24. Nd4 Qg6 25. f3 Qg5 26.
Nb3 Rd8 27. Rxd8+ Qxd8 28. h3 Bd5 29. Qd3 Qg5 30. Nd2 Bxa2 31. Ne4 Qc1+ 32. Kh2 Qc7+ 33.
Kg1 Be6 34. Qb5 Qd7 35. Qe5 f6 36. Qb8+ Kh7 37. Nd6 Bd5 38. Qf8 b5 39. Nc8 b4 40.
Qc5 b3 41. Ne7 Bf7 0-1

[Event "GrandPrix_29.05"]
[Site "Chess.com"]
[Date "2020.05.29"]
[Round "7"]
[White "VitaliyBernadskiy"]
[Black "igorkovalenko"]
[Result "0-1"]
[WhiteElo "2298"]
[BlackElo "2275"]
[TimeControl "600+2"]
[EndTime "12:26:34 PDT"]
[Termination "igorkovalenko won by resignation"]

1. d4 Nf6 2. c4 e6 3. Nc3 Bb4 4.
Nf3 b6 5. Bg5 Bb7 6. e3 h6 7.
Bh4 Bxc3+ 8. bxc3 d6 9. Nd2 Nbd7 10. f3 Qe7 11. a4 e5 12. e4 g5 13. Bf2 a5 14.
Bd3 Nh5 15. Nf1 f5 16. Ne3 f4 17. Nd5 Qd8 18. g4 Ng7 19. h4 Kf7 20. hxg5 hxg5 21. Rxh8 Qxh8 22. Nxc7 Rc8 23. Nb5 Ne8 24. Ke2 Bc6 25.
Qh1 Qg7 26. Qh5+ Ke7 27. Rh1 Bxb5 28. axb5 Nef6 29. Qh2 Qg8 30. Kf1 a4 31. Kg2 a3 32.
Ra1 Ra8 33. Ra2 Qg7 34. Kf1 Ne8 35. Ke2 Nc7 36. Qg1 Ne6 37. Qa1 Rh8 38. Rxa3 exd4 39. Ra7 Rh2 40. cxd4 Nxd4+ 41. Kf1 Rh1+ 42. Bg1 Qh8 43.
Qa2 Nxf3 0-1

[Event "GrandPrix_29.05"]
[Site "Chess.com"]
[Date "2020.05.29"]
[Round "7"]
[White "kostasam18"]
[Black "ENajer77"]
[Result "0-1"]
[WhiteElo "2063"]
[BlackElo "2268"]
[TimeControl "600+2"]
[EndTime "12:26:39 PDT"]
[Termination "ENajer77 won by resignation"]

1. e4 c6 2. Nc3 d5 3. Nf3 Bg4 4.
h3 Bxf3 5. Qxf3 Nf6 6. Be2 e6 7. O-O Bc5 8. Rd1 Bd4 9. exd5 cxd5 10. Nb5 Bb6 11. d4 a6 12. Na3 Nc6 13. c3 Bc7 14.
Nc2 Ne4 15. Ne1 h5 16. Nd3 g5 17. g3 Qe7 18. Qg2 f5 19. Bd2 O-O-O 20. Be1 Kb8 21. b4 e5 22. dxe5 Nxe5 23. f3 Bb6+ 24. Kh1 Nc4 25. fxe4 Ne3 26. Qh2 Qxe4+ 0-1

[Event "GrandPrix_29.05"]
[Site "Chess.com"]
[Date "2020.05.29"]
[Round "7"]
[White "abraham1982"]
[Black "RovenVogel"]
[Result "1/2-1/2"]
[WhiteElo "2204"]
[BlackElo "2265"]
[TimeControl "600+2"]
[EndTime "12:26:45 PDT"]
[Termination "Game drawn by repetition"]

1. e4 c5 2. Nf3 d6 3. c3 Nf6 4.
Be2 g6 5. O-O Bg7 6. Qc2 Bg4 7.
d4 cxd4 8. cxd4 Nc6 9. Be3 O-O 10.
Nc3 Rc8 11. a3 Na5 12. h3 Bxf3 13. Bxf3 Nd7 14. Rfd1 Nc4 15. Bc1 b5 16. b3 Na5 17.
Qb2 a6 18. Be3 e6 19. Rac1 Qh4 20. Rc2 Bh6 21. Bxh6 Qxh6 22. Rdc1 Qh4 23. Ne2 Nb6 24. Rxc8 Rxc8 25. Rxc8+ Nxc8 26. Qc3 Qd8 27. Nf4 Ne7 28.
Nd3 Nac6 29. d5 exd5 30. exd5 Nb8 31. Nb4 Qa5 32. Qe3 Qc7 33. Nc6 Nbxc6 34. dxc6 d5 35.
Qc5 Qxc6 36. Qxe7 Qc1+ 37. Kh2 Qf4+ 38. Kh1 Qc1+ 39. Kh2 Qf4+ 40. Kh1 Qc1+ 41. Kh2 1/2-1/2

[Event "GrandPrix_29.05"]
[Site "Chess.com"]
[Date "2020.05.29"]
[Round "7"]
[White "klippfiskkjerringa"]
[Black "Ward-Tsh"]
[Result "1-0"]
[WhiteElo "2083"]
[BlackElo "2135"]
[TimeControl "600+2"]
[EndTime "12:26:51 PDT"]
[Termination "klippfiskkjerringa won by resignation"]

1. Nf3 d5 2. e3 Nf6 3. c4 c6 4.
Nc3 Nbd7 5. d4 e6 6. Bd2 Bd6 7. Bd3 dxc4 8. Bxc4 O-O 9. O-O e5 10. Qc2 Qe7 11. h3 b5 12. Bb3 Bb7 13. Rae1 e4 14.
Ng5 Rae8 15. f3 exf3 16. Nxf3 b4 17. Ne2 Ne4 18. Nf4 Ndf6 19. Nd3 Bg3 20. Nfe5 Bxe1 21. Bxe1 Nd5 22. Bxd5 cxd5 23. Bxb4 Qe6 24. Nf4 Qb6 25.
Bxf8 Rc8 26. Bc5 Nxc5 27. dxc5 Rxc5 28. Qf5 Rc7 29. Nh5 Qxe3+ 30. Kh2 g6 31. Nf6+ Kg7 32. Ne8+ Kf8 33. Qf6 1-0

[Event "GrandPrix_29.05"]
[Site "Chess.com"]
[Date "2020.05.29"]
[Round "7"]
[White "Arm-Akiba"]
[Black "vpantev"]
[Result "1/2-1/2"]
[WhiteElo "2858"]
[BlackElo "2819"]
[TimeControl "600+2"]
[EndTime "12:27:07 PDT"]
[Termination "Game drawn by agreement"]

1. d4 Nf6 2. c4 e6 3. Nf3 Bb4+ 4. Nbd2 b6 5. a3 Bxd2+ 6. Qxd2 Bb7 7. e3 O-O 8. Be2 a5 9. b3 d6 10. O-O Nbd7 11. Bb2 Qb8 12. Rfd1 h6 13. Ne1 Ne4 14. Qc2 f5 15. d5 e5 16. f3 Ng5 17.
h4 Nh7 18. Bd3 g6 19. h5 Qe8 20. f4 e4 21. Be2 Nhf6 22. Qc3 gxh5 23. Nc2 Kh7 24.
Kf2 Qg6 25. Rh1 Rg8 26. Ke1 a4 27. b4 b5 28. cxb5 Nxd5 29. Qd4 N7f6 30. Kd2 Qxg2 31. Qc4 Raf8 32. Bxf6 Rxf6 33. Rxh5 Qf2 34. Rf1 Qg2 35. Rfh1 Qf2 36. Rf1 Qg2 1/2-1/2

[Event "GrandPrix_29.05"]
[Site "Chess.com"]
[Date "2020.05.29"]
[Round "7"]
[White "SpasKozhuharov"]
[Black "benko_008"]
[Result "0-1"]
[WhiteElo "2151"]
[BlackElo "2139"]
[TimeControl "600+2"]
[EndTime "12:27:19 PDT"]
[Termination "benko_008 won by resignation"]

1. c4 e6 2. Nc3 d5 3. d4 Nf6 4. cxd5 exd5 5. Bg5 c6 6. e3 Be7 7. Bd3 O-O 8. Qc2 h6 9. Bh4 a5 10. Nge2 Na6 11. a3 Re8 12. h3 Nc7 13. O-O Bd7 14.
Na4 Ne6 15. Nc5 Nxc5 16. dxc5 Nh5 17. Bxe7 Qxe7 18. b4 Qg5 19. Kh1 Qh4 20. Qc3 Bxh3 21.
gxh3 Qxh3+ 22. Kg1 Re6 23. Qd4 Rae8 24. Nf4 Nxf4 25. Qxf4 Re5 26. f3 Rg5+ 27. Kf2 Qg2+ 28. Ke1 Qb2 29. Rd1 Rg2 30. e4 Qc3+ 31. Rd2 Qc1+ 0-1

[Event "GrandPrix_29.05"]
[Site "Chess.com"]
[Date "2020.05.29"]
[Round "7"]
[White "Nitzan_Steinberg"]
[Black "sahidi"]
[Result "1-0"]
[WhiteElo "2313"]
[BlackElo "2132"]
[TimeControl "600+2"]
[EndTime "12:27:26 PDT"]
[Termination "Nitzan_Steinberg won by resignation"]

1. e4 e5 2. Nf3 Nc6 3. Bb5 a6 4. Ba4 Nf6 5. O-O b5 6. Bb3 Be7 7.
Re1 d6 8. c3 Na5 9. Bc2 c5 10.
d4 cxd4 11. cxd4 Nc6 12. h3 O-O 13. Nc3 Bb7 14. d5 Nb8 15. b4 Nbd7 16. a4 bxa4 17. Bxa4 Rc8 18. Bd2 Nb6 19. Bc6 Bxc6 20. dxc6 Rxc6 21.
Rxa6 Rc4 22. Qb3 Nfd7 23. Nd5 Rc8 24. Ne3 Qc7 25. Rea1 Qb7 26. Nf5 Rfe8 27. Ng5 Nc4 28. Ra7 Qb5 29. R1a5 Qc6 30. b5 Qc5 31. Rxd7 h6 32.
Bb4 Qb6 33. Nxe7+ Rxe7 34. Rxe7 hxg5 35. Qf3 Rf8 36. Ra8 f6 37. Qh5 Rxa8 38. Qf7+ 1-0

[Event "GrandPrix_29.05"]
[Site "Chess.com"]
[Date "2020.05.29"]
[Round "7"]
[White "bratkoo"]
[Black "Vesper2018"]
[Result "1-0"]
[WhiteElo "2225"]
[BlackElo "1901"]
[TimeControl "600+2"]
[EndTime "12:27:28 PDT"]
[Termination "bratkoo won on time"]

1. e4 c5 2. Nf3 d6 3. d4 cxd4 4. Nxd4 Nf6 5. Nc3 a6 6. h3 e6 7. g4 Be7 8. g5 Nfd7 9. f4 h6 10. g6 Bh4+ 11. Ke2 Nf6 12. gxf7+ Kxf7 13. Bg2 Nh5 14.
Be3 Ng3+ 15. Kd2 Nxh1 16. Bxh1 Nc6 17. f5 Nxd4 18. Qh5+ Kg8 19. Bxd4 Qg5+ 20. Qxg5 Bxg5+ 21. Ke2 exf5 22. exf5 Bxf5 23. Bxb7 Re8+ 24. Kf3 Kh7 25. Ne4 Rhf8 26. Nxg5+ hxg5 27. Kg3 Bxc2 28. Bxa6 Be4 29. Re1 d5 30. a4 Re6 31. Bb5 Rf3+ 32. Kh2 g4 33.
Re3 g3+ 34. Kg1 Rxe3 35. Bxe3 Bf3 36. Bd2 d4 37. a5 Re5 38. Bd3+ g6 39. a6 Ba8 40. b4 Rh5 41. Bf1 Re5 42. b5 d3 43.
b6 Re7 44. Bxd3 Rd7 45. b7 Bxb7 46. axb7 Rxb7 47. Bf4 Rd7 48. Bf1 Rd4 49. Bxg3 Kh6 50. Kf2 Rb4 51. Bd3 Rb3 52. Be4 Ra3 53. h4 Rb3 54.
Bf4+ Kh5 55. Bg5 Rb2+ 56. Kg3 Rb3+ 57. Kf4 Ra3 58. Be7 Ra4 59. Ke5 Kh6 60. Bg5+ Kg7 61. Bf6+ Kh6 62. Bc2 Rb4 63. Ke6 Rb6+ 64. Kf7 Rb7+ 65.
Be7 Rxe7+ 66. Kxe7 1-0

[Event "GrandPrix_29.05"]
[Site "Chess.com"]
[Date "2020.05.29"]
[Round "7"]
[White "Aliakbarov_Anar"]
[Black "Alexander_Moskalenko"]
[Result "0-1"]
[WhiteElo "2150"]
[BlackElo "2367"]
[TimeControl "600+2"]
[EndTime "12:27:34 PDT"]
[Termination "Alexander_Moskalenko won by resignation"]

1. d4 e6 2. c4 Nf6 3. Nc3 Bb4 4. a3 Bxc3+ 5. bxc3 c5 6. e3 Nc6 7. Bd3 b6 8. Ne2 Bb7 9. O-O Na5 10. Ng3 Ba6 11. e4 Bxc4 12. Bxc4 Nxc4 13. e5 Nd5 14. Qg4 O-O 15. Bh6 g6 16. Bxf8 Qxf8 17. Ne4 d6 18. Nf6+ Nxf6 19. exf6 d5 20. Rfd1 h5 21. Qg5 Nd6 22.
Rd3 Ne4 23. Qe5 cxd4 24. cxd4 Qd8 25. Rc1 Nxf6 26. h3 Ne4 27. Rc7 Nd6 28. Rc2 Nc4 29.
Qf4 Rc8 30. Rf3 Qe7 31. Rcc3 b5 32. Rb3 a6 33. Qh6 Qf8 34. Qg5 Qg7 35. Qf4 g5 36. Qc1 Nd6 37. Rbc3 Rc4 38. Rxc4 bxc4 39. Qb2 Nf5 40. Qb8+ Kh7 41. Qe8 Kg6 42. h4 g4 43.
Rf4 Nxd4 44. Kh2 e5 45. Rxd4 exd4 46. Qc6+ Qf6 47. Qxd5 c3 48. Qe4+ Kg7 49. Kg1 Qd6 50. Qd3 Qc5 51. Qc2 d3 52. Qxd3 c2 0-1

[Event "GrandPrix_29.05"]
[Site "Chess.com"]
[Date "2020.05.29"]
[Round "7"]
[White "temus_galaktionov"]
[Black "PavelShkapenko"]
[Result "1-0"]
[WhiteElo "2613"]
[BlackElo "2417"]
[TimeControl "600+2"]
[EndTime "12:27:41 PDT"]
[Termination "temus_galaktionov won by resignation"]

1. d4 Nf6 2. Nf3 e6 3. c4 Bb4+ 4. Nbd2 d5 5. a3 Be7 6. e3 b6 7. b4 c6 8. Bd3 a5 9. b5 O-O 10. O-O dxc4 11. Bxc4 c5 12. a4 Nbd7 13. Nb3 Bb7 14. Bb2 Rc8 15. Rc1 cxd4 16. Nbxd4 Nc5 17. Ne5 Qc7 18. Nec6 Bd6 19. h3 Rfe8 20. f4 Bf8 21. Qc2 Nd5 22. Bxd5 exd5 23. Rf3 Ne6 24. Qd1 Qd7 25. Ne5 Rxc1 26. Qxc1 Qc8 27. Qxc8 Rxc8 28. Nd7 Bc5 29. Nxe6 fxe6 30. Rg3 g6 31. h4 Be7 32. h5 Rc2 33. Bd4 Kf7 34. hxg6+ hxg6 35. Ne5+ Ke8 36.
Rxg6 Bc8 37. Rg8+ Bf8 38. Bxb6 Bb7 39. Bxa5 Rb2 40. Bb6 Rc2 41. a5 d4 42. Bxd4 1-0

[Event "GrandPrix_29.05"]
[Site "Chess.com"]
[Date "2020.05.29"]
[Round "7"]
[White "Guenplen"]
[Black "swisspower96"]
[Result "1-0"]
[WhiteElo "2550"]
[BlackElo "2313"]
[TimeControl "600+2"]
[EndTime "12:27:57 PDT"]
[Termination "Guenplen won by checkmate"]

1. d4 Nf6 2. Bf4 d5 3. e3 c5 4. c3 Nc6 5. Nd2 Bf5 6. Ngf3 Qb6 7. dxc5 Qxb2 8. Nd4 Bg6 9. Bb5 Rc8 10. O-O a6 11. Bxc6+ bxc6 12. Qa4 Qb7 13. Rab1 Bxb1 14. Rxb1 Qa8 15. Rb6 e5 16. Nxc6 Bxc5 17. Nxe5+ Kf8 18. Rxf6 Kg8 19. Rxf7 Bd6 20. Rxg7+ Kxg7 21. Qd7+ Kg8 22. Qf7# 1-0

[Event "GrandPrix_29.05"]
[Site "Chess.com"]
[Date "2020.05.29"]
[Round "7"]
[White "Poghosyan_Suren"]
[Black "Tokarev_Sergey"]
[Result "1-0"]
[WhiteElo "2089"]
[BlackElo "1989"]
[TimeControl "600+2"]
[EndTime "12:27:59 PDT"]
[Termination "Poghosyan_Suren won by resignation"]

1. e4 e6 2. d3 d5 3. Nd2 c5 4.
Ngf3 Nc6 5. g3 g6 6. Bg2 Bg7 7. O-O Nge7 8. exd5 exd5 9. d4 cxd4 10. Nb3 Bg4 11. Bg5 O-O 12. Re1 Re8 13. Qd2 Qd7 14. Nfxd4 Ne5 15. Qf4 N7c6 16. Bf6 Bxf6 17. Qxf6 Nxd4 18.
Nxd4 Nc4 19. b3 Nb6 20. a4 Rad8 21. Bf1 Rxe1 22. Rxe1 Re8 23. Rxe8+ Qxe8 24. h3 Be6 25. h4 Nd7 26. Qf4 Qb8 27. Nxe6 fxe6 28. Qe3 e5 29. Bh3 Nf6 30. Qc5 Kf7 31. g4 b6 32. Qc6 Qe8 33.
Qb7+ Qe7 34. Qb8 Ne4 35. g5 Kg7 36. Bg2 Nc3 37. Qc8 Ne2+ 38. Kf1 Nf4 39. Qc3 Qc5 40. Qxe5+ 1-0

[Event "GrandPrix_29.05"]
[Site "Chess.com"]
[Date "2020.05.29"]
[Round "7"]
[White "Zubrrr"]
[Black "Gurvich_Vitaly"]
[Result "1-0"]
[WhiteElo "2595"]
[BlackElo "2394"]
[TimeControl "600+2"]
[EndTime "12:28:06 PDT"]
[Termination "Zubrrr won by resignation"]

1. c4 e5 2. g3 Nf6 3. Bg2 Nc6 4. Nc3 Bb4 5. Nd5 a5 6. e3 O-O 7. Ne2 Re8 8. O-O Bf8 9. b3 Nb4 10. Nxf6+ Qxf6 11. Bb2 Nd3 12. Bc3 c6 13. f4 Qh6 14.
Qb1 Nc5 15. fxe5 d6 16. exd6 Bxd6 17. Nd4 Qg6 18. Nf5 Bf8 19. e4 Bxf5 20. Rxf5 Qe6 21. e5 Qg6 22. d4 Ne6 23. Qf1 Rad8 24. d5 Bc5+ 25. Kh1 Nd4 26. Rf4 Ne6 27. dxe6 Qxe6 28.
Rd1 h6 29. Qe2 Bb6 30. Rff1 Qe7 31. Rxd8 Rxd8 32. Rd1 Re8 33. Qg4 Rd8 34. Rxd8+ Bxd8 35. e6 fxe6 36. Bh3 Kf7 37. Qxg7+ Ke8 38. Qxe7+ Kxe7 39. Bg2 Kd6 40. Kg1 b5 41. cxb5 cxb5 42. Kf2 a4 43.
bxa4 bxa4 44. Be4 Kc5 45. Bd3 Bg5 46. Kf3 a3 47. Bg7 Kb4 48. Bc2 Bc1 49. Bb3 1-0

[Event "GrandPrix_29.05"]
[Site "Chess.com"]
[Date "2020.05.29"]
[Round "7"]
[White "Anton_Demchenko"]
[Black "Alexander_Donchenko"]
[Result "1-0"]
[WhiteElo "2667"]
[BlackElo "2697"]
[TimeControl "600+2"]
[EndTime "12:28:12 PDT"]
[Termination "Anton_Demchenko won by resignation"]

1. d4 Nf6 2. Nf3 d5 3. Bf4 c5 4. e3 Nc6 5. Nbd2 e6 6. c3 cxd4 7. exd4 Nh5 8. Bg3 Be7 9. Bd3 g6 10. O-O Nxg3 11. hxg3 O-O 12. Re1 Bf6 13. b4 Bd7 14.
Nb3 b6 15. Qd2 Qc7 16. g4 Rfe8 17. g5 Bg7 18. b5 Ne7 19. Ne5 Rac8 20. Rac1 Nf5 21.
a4 Nd6 22. Qf4 a6 23. bxa6 Bxa4 24. Nd2 b5 25. Ndf3 Nc4 26. Bxc4 bxc4 27. Ra1 Bc2 28. Ra2 Be4 29. Nh2 Bf5 30. a7 Ra8 31. Rea1 Re7 32.
Ra6 Qb7 33. Nhg4 Bxg4 34. Nxg4 Qd7 35. Nf6+ Bxf6 36. gxf6 1-0

[Event "GrandPrix_29.05"]
[Site "Chess.com"]
[Date "2020.05.29"]
[Round "7"]
[White "Pash2015"]
[Black "TheJoker64"]
[Result "1-0"]
[WhiteElo "2261"]
[BlackElo "2339"]
[TimeControl "600+2"]
[EndTime "12:28:14 PDT"]
[Termination "Pash2015 won by resignation"]

1. e4 c5 2. d4 cxd4 3. Nf3 Nc6 4. Bc4 e6 5. O-O d6 6. Qe2 Nf6 7. Rd1 Be7 8. c3 d3 9. Bxd3 Qc7 10. c4 O-O 11. Nc3 a6 12. h3 b6 13. Bf4 Ne5 14.
Rac1 Bb7 15. b3 Nfd7 16. Bb1 Rfd8 17. Bg3 Qc5 18. Kh1 Rac8 19. Nd4 Bf6 20. f4 Nc6 21. Nxc6 Qxc6 22. f5 Be5 23. Bxe5 Nxe5 24. f6 gxf6 25. Qf2 Qc5 26. Qxf6 Ng6 27. Rf1 Rd7 28. Na4 Qa5 29.
Qf2 Rc6 30. Rce1 b5 31. cxb5 axb5 32. Nb2 Qb6 33. Qg3 Qd4 34. Qf2 Qxf2 35. Rxf2 Rdc7 36. Nd3 Rc3 37. Nb4 Ne5 38. Kh2 Rc1 39. Rxc1 Rxc1 40. Bc2 Re1 41. Rd2 Bxe4 42. Rxd6 Bxc2 43. Nxc2 Re2 44.
Rd8+ Kg7 45. Rc8 h5 46. a4 bxa4 47. bxa4 h4 48. Rc5 Nd3 49. Rc4 e5 50. a5 Nf4 51.
a6 Nxg2 52. Kg1 Ne1 53. a7 Nf3+ 54. Kf1 Rd2 55. a8=Q 1-0

[Event "GrandPrix_29.05"]
[Site "Chess.com"]
[Date "2020.05.29"]
[Round "7"]
[White "gummigisla"]
[Black "HElissalt"]
[Result "0-1"]
[WhiteElo "1997"]
[BlackElo "1920"]
[TimeControl "600+2"]
[EndTime "12:28:18 PDT"]
[Termination "HElissalt won by resignation"]

1. d4 f5 2. h4 Nf6 3. Qd3 e6 4. Bg5 d5 5. Nh3 Be7 6. Bxf6 Bxf6 7. Nf4 Qe7 8. c3 c6 9. Nh5 Nd7 10. e3 O-O 11. g3 e5 12. Nd2 b5 13. Bh3 e4 14. Qc2 Nb6 15. O-O-O a5 16. Kb1 Kh8 17. Nf4 Bd7 18. Nb3 Na4 19. Nc1 Qd6 20. b3 Nb6 21.
Bf1 Rfb8 22. Be2 Be7 23. Rd2 Qc7 24. Ka1 Qb7 25. f3 c5 26. fxe4 fxe4 27. h5 cxd4 28. cxd4 Bb4 29. Kb1 Rc8 30. Qd1 Na4 31. bxa4 Bxd2 32.
Qxd2 bxa4+ 33. Qb2 Qc7 34. Nxd5 Qd6 35. Nb6 Rab8 36.
Nxc8 Rxb2+ 37. Kxb2 Bxc8 38. a3 Be6 39. Rf1 h6 40.
Rf4 Qb6+ 41. Kc2 Bb3+ 42. Kd2 Qc6 43. Bd1 Bxd1 44. Kxd1 Qc3 45. Rxe4 Qxa3 46. d5 Qd6 47. Rxa4 Qxd5+ 48. Rd4 Qf3+ 49. Kd2 Qxh5 50. Ne2 Qb5 51.
Nf4 a4 52. Ne6 Qb2+ 53. Ke1 Qb1+ 54. Rd1 Qb4+ 0-1

[Event "GrandPrix_29.05"]
[Site "Chess.com"]
[Date "2020.05.29"]
[Round "7"]
[White "GM_RobertoMogranzini"]
[Black "Paulz64"]
[Result "1-0"]
[WhiteElo "2166"]
[BlackElo "2144"]
[TimeControl "600+2"]
[EndTime "12:28:22 PDT"]
[Termination "GM_RobertoMogranzini won by resignation"]

1. c4 Nf6 2. g3 e6 3. Bg2 d5 4.
Nf3 dxc4 5. Qa4+ Nbd7 6. Qxc4 a6 7. a4 c5 8. O-O b6 9. d3 Bb7 10. e4 Be7 11. Qb3 O-O 12. Na3 Bc6 13. Nc4 b5 14. Nce5 Nxe5 15. Nxe5 bxa4 16. Qc2 Bb5 17. Be3 Rc8 18.
Nc4 Nd7 19. f4 Nb6 20. Rad1 Qc7 21. h4 Nxc4 22. dxc4 Bc6 23. Kh2 Rfd8 24. Bh3 Rxd1 25. Rxd1 Rd8 26. Re1 Qb7 27. Bf2 Qb3 28. Qe2 Qd3 29.
f5 Qxe2 30. Rxe2 e5 31. Bf1 Rd1 32. Kg2 Kf8 33. Be1 Rd4 34. Kf3 Rxc4 35. Bc3 a3 36.
Re1 Rxe4 37. Rxe4 c4 38. Bxc4 axb2 39. Bxb2 f6 40. Bxa6 Bc5 41. Bd3 Ke7 42. Ke2 Bxe4 43. Bxe4 Kd6 44. Bc1 h6 45. Be3 Bb4 46. Kf3 Ba3 47. Bf2 Ke7 48. Kg4 Bc1 49. Kh5 Kf7 50. Bd5+ 1-0

[Event "GrandPrix_29.05"]
[Site "Chess.com"]
[Date "2020.05.29"]
[Round "7"]
[White "VerdeNotte"]
[Black "Micki-taryan"]
[Result "1-0"]
[WhiteElo "2706"]
[BlackElo "2506"]
[TimeControl "600+2"]
[EndTime "12:28:36 PDT"]
[Termination "VerdeNotte won by resignation"]

1. e4 c5 2. Nc3 Nc6 3. Bb5 Nf6 4.
Nf3 Qc7 5. O-O Nd4 6. Re1 Ng4 7. e5 Nxf3+ 8. Qxf3 Nxe5 9. Qg3 f6 10. b4 cxb4 11. Nd5 Qc5 12. Rxe5 fxe5 13. Qxe5 e6 14. Qxe6+ Be7 15.
Bb2 Rf8 16. Bxg7 Qxf2+ 17. Kh1 Qf1+ 18. Bxf1 dxe6 19. Nc7+ Kd7 20. Bxf8 Bf6 21. Nxa8 Bxa1 22. Bxb4 b6 23. Bb5+ Kd8 24. Bc6 Bd7 25. Bxd7 Kxd7 26. Bc3 Bxc3 27. dxc3 b5 28. g4 Kc6 29. h4 Kb7 30. g5 1-0

[Event "GrandPrix_29.05"]
[Site "Chess.com"]
[Date "2020.05.29"]
[Round "7"]
[White "farhadtahirov"]
[Black "Doukis"]
[Result "0-1"]
[WhiteElo "1895"]
[BlackElo "2112"]
[TimeControl "600+2"]
[EndTime "12:28:40 PDT"]
[Termination "Doukis won by checkmate"]

1. c4 f5 2. Nc3 Nf6 3. d3 d6 4. e4 e5 5. Bg5 Be7 6. Be2 O-O 7. Nf3 c6 8. c5 Na6 9. cxd6 Qxd6 10. d4 Nxe4 11. Bxe7 Qxe7 12. Nxe5 Nc7 13. O-O Be6 14. Qc2 Bd5 15. Bf3 Nxc3 16. bxc3 Bxf3 17. Nxf3 Qe4 18. Qb3+ Nd5 19. Rae1 Qg4 20. h3 Qg6 21. Ne5 Qg5 22. Qxb7 Nf4 23. Qxc6 Nxh3+ 24. Kh2 Nf4 25. Re3 Rac8 26. Qb5 Qxg2# 0-1

[Event "GrandPrix_29.05"]
[Site "Chess.com"]
[Date "2020.05.29"]
[Round "7"]
[White "nikosgal"]
[Black "lilleper1"]
[Result "0-1"]
[WhiteElo "2455"]
[BlackElo "2431"]
[TimeControl "600+2"]
[EndTime "12:28:45 PDT"]
[Termination "lilleper1 won by resignation"]

1. d4 Nf6 2. c4 e6 3. g3 d5 4.
Bg2 dxc4 5. Nf3 Bb4+ 6. Nc3 O-O 7. O-O Nc6 8. Bg5 h6 9. Bxf6 Qxf6 10. e3 Rb8 11. Nd2 Na5 12. Qa4 Qe7 13. a3 Bxc3 14.
bxc3 b6 15. Qb4 c5 16. dxc5 Qxc5 17. Rab1 Qc7 18. Rfd1 Rd8 19. Nf3 Bb7 20. Nd4 Bxg2 21. Kxg2 Qb7+ 22. Kg1 Qe4 23. Qe7 Qb7 24. Qh4 Rd7 25.
Nb5 a6 26. Nd6 Qc6 27. Ne4 f5 28. Nf6+ gxf6 29. Qxf6 Kh7 30. Rd4 Rbd8 31. Rbd1 Nb3 32. Re1 Nxd4 33. exd4 Re8 34. h4 Qd6 35. h5 Rg7 36. d5 Qxd5 0-1

[Event "GrandPrix_29.05"]
[Site "Chess.com"]
[Date "2020.05.29"]
[Round "7"]
[White "Azatic"]
[Black "SantoBlue"]
[Result "0-1"]
[WhiteElo "2449"]
[BlackElo "2484"]
[TimeControl "600+2"]
[EndTime "12:28:47 PDT"]
[Termination "SantoBlue won by checkmate"]

1. e4 e5 2. Nf3 Nc6 3. Bb5 a6 4. Ba4 Nf6 5. O-O Nxe4 6. d4 b5 7. Bb3 d5 8. dxe5 Be6 9. c3 Be7 10. Nbd2 O-O 11. Bc2 f5 12. Nb3 Qd7 13. Nbd4 Nd8 14.
Nxe6 Nxe6 15. Nd4 Nxd4 16. cxd4 c5 17. f3 cxd4 18. fxe4 fxe4 19. Bf4 d3 20. Bxd3 exd3 21. Qxd3 Qe6 22. Rad1 Rad8 23. h3 Bc5+ 24. Kh1 h6 25. Bg3 Rxf1+ 26. Rxf1 d4 27. b3 Be7 28. Rf4 Bc5 29.
Rg4 Rf8 30. b4 Bb6 31. Rg6 Qc4 32. Qd2 d3 33. Rxb6 Qd4 34. Rf6 gxf6 35. Qxh6 Rf7 36.
Qg6+ Kf8 37. Qh6+ Ke7 38. exf6+ Kd7 39. Qh5 Rxf6 40. Qh7+ Kc6 41. Qg8 Rf1+ 42. Kh2 Qg1# 0-1

[Event "GrandPrix_29.05"]
[Site "Chess.com"]
[Date "2020.05.29"]
[Round "7"]
[White "LiamVrolijk"]
[Black "grzechu96"]
[Result "1-0"]
[WhiteElo "2481"]
[BlackElo "2488"]
[TimeControl "600+2"]
[EndTime "12:28:47 PDT"]
[Termination "LiamVrolijk won by resignation"]

1. c4 e5 2. g3 Nf6 3. Bg2 d5 4. cxd5 Nxd5 5. Nf3 Nc6 6. O-O Nb6 7. b3 Be7 8. Bb2 f6 9. Nc3 O-O 10. Rc1 Be6 11.
d4 Nxd4 12. Nxd4 exd4 13. Ne4 d3 14. e3 Bf5 15. Rc3 Qe8 16. Rxc7 Bd8 17. Nd6 Qe6 18.
Nxf5 Bxc7 19. Qg4 Qd7 20. Bd5+ Kh8 21. Be6 1-0

[Event "GrandPrix_29.05"]
[Site "Chess.com"]
[Date "2020.05.29"]
[Round "7"]
[White "Malysch"]
[Black "OK97"]
[Result "0-1"]
[WhiteElo "2327"]
[BlackElo "2555"]
[TimeControl "600+2"]
[EndTime "12:28:53 PDT"]
[Termination "OK97 won by resignation"]

1. d4 Nf6 2. c4 e6 3. g3 d5 4. Bg2 dxc4 5. Nf3 a6 6. Ne5 Bb4+ 7. Nc3 Nd5 8. Bd2 Nb6 9. a3 Be7 10. Nf3 Nc6 11. e3 O-O 12. O-O Na5 13. Qe2 Nb3 14.
Rad1 c5 15. dxc5 Nxc5 16. Ne5 Nd3 17. Bc1 Nxc1 18. Rxc1 Qc7 19. f4 f6 20. Nf3 Bd7 21. Ne4 Bc6 22. Nd4 Bd7 23. Nd2 e5 24. N4f3 Rac8 25. Rfd1 Rfd8 26. Nxc4 Nxc4 27. Nxe5 fxe5 28.
Rxc4 Bc6 29. Rdc1 Qd6 30. Qg4 exf4 31. exf4 Bf6 32. Bxc6 Rxc6 33. Rxc6 bxc6 34. Qf3 Qd5 0-1

[Event "GrandPrix_29.05"]
[Site "Chess.com"]
[Date "2020.05.29"]
[Round "7"]
[White "DanielDardha2005"]
[Black "Sporty207"]
[Result "1-0"]
[WhiteElo "2412"]
[BlackElo "2220"]
[TimeControl "600+2"]
[EndTime "12:28:53 PDT"]
[Termination "DanielDardha2005 won by resignation"]

1. e4 e6 2. Qe2 c5 3. g3 Nc6 4.
Bg2 g6 5. Nf3 Bg7 6. O-O Nge7 7.
c3 d5 8. e5 Rb8 9. d4 c4 10. h4 b5 11. h5 O-O 12. Nbd2 b4 13.
Qe3 Nf5 14. Qf4 bxc3 15. bxc3 Qa5 16. g4 Nh6 17. Nb1 Bd7 18. Qg3 Qa4 19. Bg5 gxh5 20.
gxh5 Nf5 21. Qf4 h6 22. Bf6 Kh7 23. Bxg7 Kxg7 24. Bh3 Rg8 25. Kh2 Nce7 26. Nbd2 Kh7 27. Rfc1 Rb2 28. Rg1 Rbb8 29. Nh4 Nxh4 30. Qxf7+ Kh8 31. Qf6+ Kh7 32. Qxe7+ Kh8 33. Qxh4 Qc2 34. Qf4 Kh7 35. Rxg8 Rxg8 36. Rg1 Rxg1 37. Kxg1 Qd1+ 38.
Nf1 Qxh5 39. Bg4 Qg6 40. Ng3 Ba4 41. Bh5 Qg7 42. Qf7 Qxf7 43. Bxf7 Bd7 44. Nh5 1-0

[Event "GrandPrix_29.05"]
[Site "Chess.com"]
[Date "2020.05.29"]
[Round "7"]
[White "Sunerorlater"]
[Black "SmirnovTimofey2000"]
[Result "0-1"]
[WhiteElo "2208"]
[BlackElo "2234"]
[TimeControl "600+2"]
[EndTime "12:28:57 PDT"]
[Termination "SmirnovTimofey2000 won by resignation"]

1. e4 c5 2. Nf3 d6 3. d4 cxd4 4. Nxd4 Nf6 5. Nc3 a6 6. Bd3 e5 7.
Nde2 Be7 8. O-O O-O 9. Ng3 Re8 10. Kh1 b5 11. f4 exf4 12. Bxf4 Nc6 13. Nd5 Ne5 14. Nxe7+ Qxe7 15. Bg5 Neg4 16. Nh5 Qe5 17. Nxf6+ Nxf6 18. Bxf6 gxf6 19. Qf3 Kg7 20. c3 Bd7 21. Rad1 Rad8 22. Bc2 Bc6 23. Rd4 Qg5 24. Qf2 Re5 25. Rd3 Kh8 26. Rg3 Qh6 27. Qb6 Rc8 28.
Qxa6 Ree8 29. Qa7 Rg8 30. Rxg8+ Kxg8 31. Qa6 Rc7 32. Qb6 Rc8 33. Qd4 Re8 34. Qxd6 Bxe4 35. Bxe4 Rxe4 36. Qb8+ Kg7 37. Qxb5 Qd2 38. h3 Re2 39.
Qc6 Re6 40. Qb6 Rxb6 0-1